 Dungeon Crawl Stone Soup version 0.22.1-2-g9c5b331 (webtiles) character file.

1416 tognito the Cleaver (level 8, -6/96 HPs)
             Began as a Minotaur Berserker on Dec 30, 2018.
             Was an Elder of Trog.
             Mangled by Pikel
             ... wielding a +0 whip of electrocution
              (19 damage)
             ... on level 5 of the Dungeon.
             The game lasted 00:11:47 (5477 turns).

tognito the Cleaver (Minotaur Berserker)            Turns: 5477, Time: 00:11:48

Health: -6/96      AC:  9    Str: 29 (30) XL:     8   Next: 43%
Magic:  7/7        EV:  9    Int:  3 (4)  God:    Trog [****..]
Gold:   155        SH:  0    Dex:  7 (9)  Spells: 7/7 levels left

rFire    . . .     SeeInvis .   a - +1 war axe
rCold    . . .     Gourm    .   (no shield)
rNeg     . . .     Faith    .   q - +0 chain mail
rPois    .         Spirit   .   (helmet restricted)
rElec    .         Reflect  .   (no cloak)
rCorr    .         Harm     .   o - +0 pair of gloves
MR       .....                  (no boots)
Stlth    ..........             (no amulet)
HPRegen  0.26/turn              (no ring)
MPRegen  0.10/turn              (no ring)

@: berserking, very quick
A: retaliatory headbutt, horns 2
a: Berserk, Trog's Hand, Brothers in Arms, Renounce Religion


You were on level 5 of the Dungeon.
You worshipped Trog.
Trog was greatly pleased with you.
You were very hungry.

You visited 1 branch of the dungeon, and saw 5 of its levels.
You also visited: Sewer.

You collected 155 gold pieces.

Inventory:

Hand Weapons
 a - a +1 war axe (weapon)
 b - a +0 shortbow
Missiles
 d - 52 arrows
 j - 7 steel javelins (quivered)
 k - 59 bolts
Armour
 o - a +0 pair of gloves (worn)
 q - a +0 chain mail (worn)
Scrolls
 e - a scroll of enchant weapon
 f - a scroll of enchant armour {unknown}
 h - a scroll of teleportation
 s - 3 scrolls of identify
 t - a scroll of fear
Potions
 i - 4 potions of curing
 l - 2 potions of haste
 m - a potion of brilliance
Comestibles
 c - 12 rations
 g - 9 chunks of flesh


   Skills:
 - Level 3.6 Fighting
 + Level 12.6 Axes
 - Level 2.4 Armour
 - Level 2.1 Dodging


You had 7 spell levels left.
You didn't know any spells.
Your spell library was empty.

Dungeon Overview and Level Annotations

Branches:
Dungeon (5/15)
 Temple: D:4-7

Altars:

Annotations:
D:5 Pikel


Innate Abilities, Weirdness & Mutations

You reflexively headbutt those who attack you in melee.
You have a pair of horns on your head.


Message History

The slave misses you. You furiously retaliate!
You headbutt the slave!
You kill the slave!
That felt strangely unrewarding.
You miss something. Something completely misses you.
You closely miss something.
Your chain mail prevents you from hitting the slave.
Something hits you.
* * * LOW HITPOINT WARNING * * *
You are electrocuted!
* * * LOW HITPOINT WARNING * * *
Your chain mail prevents you from hitting something.
Your headbutt misses something. You hit the slave. The slave hits you.
* * * LOW HITPOINT WARNING * * *
You closely miss something. You barely miss the slave. Something hits you.
* * * LOW HITPOINT WARNING * * *
You barely miss something. You slash the slave!
The slave hits you but does no damage. Something hits you.
* * * LOW HITPOINT WARNING * * *
You are electrocuted!
You die...

####.###...........
#................##
##.##.##..........##
#.....##............
#..#####.####...####
####......<.# ##.##
# #......######
#.##### #.##p#.#
#......
#.#@######### ######
#.[{p........ #
###.#.##..###.######
#.#.# #......< ..#%#
#.###### ####p. ##.
.. ..


You could see a slave.

Vanquished Creatures
  2 slaves (D:5)
  3 ogres
  2 centaurs
  5 big kobolds (Sewer)
  A scorpion (D:4)
  2 hounds (D:5)
  8 orc wizards
  An iguana (D:3)
  A hound skeleton (D:4)
  9 adders
  A river rat (Sewer)
  2 oozes (Sewer)
  An adder skeleton (D:5)
  7 worms
  4 dart slugs
  3 leopard geckos
  16 orcs
  11 bats
  9 giant cockroaches
  4 goblins
  10 hobgoblins
  11 jackals
  20 kobolds
  A quokka (D:4)
  4 ball pythons
  7 frilled lizards
  15 rats
160 creatures vanquished.

Notes
Turn   | Place    | Note
-------+----------+-------------------------------------------
     0 | D:1      | tognito the Minotaur Berserker began the quest for the Orb.
     0 | D:1      | Reached XP level 1. HP: 19/19 MP: 0/0
    30 | D:1      | Reached skill level 4 in Axes
   117 | D:1      | Reached XP level 2. HP: 23/26 MP: 1/1
   213 | D:1      | Reached skill level 5 in Axes
   239 | D:1      | Reached XP level 3. HP: 18/31 MP: 2/2
   446 | D:1      | Reached ** piety under Trog
  1147 | D:2      | Reached XP level 4. HP: 18/39 MP: 3/3
  1320 | D:2      | Reached skill level 6 in Axes
  1972 | D:3      | Reached *** piety under Trog
  2133 | D:3      | Reached skill level 7 in Axes
  2133 | D:3      | Reached XP level 5. HP: 5/45 MP: 4/4
  2503 | D:3      | Found a glowing drain.
  2525 | Sewer    | Entered a sewer
  2687 | Sewer    | Reached skill level 8 in Axes
  2887 | Sewer    | Reached XP level 6. HP: 43/51 MP: 5/5
  3220 | Sewer    | Reached skill level 9 in Axes
  3458 | Sewer    | Reached XP level 7. HP: 50/57 MP: 6/6
  3627 | D:3      | Reached skill level 10 in Axes
  3632 | D:3      | Reached **** piety under Trog
  4211 | D:4      | Reached skill level 11 in Axes
  4411 | D:4      | Reached XP level 8. HP: 19/64 MP: 7/7
  5061 | D:4      | Reached skill level 12 in Axes
  5298 | D:5      | Entered Level 5 of the Dungeon
  5455 | D:5      | Noticed Pikel
  5477 | D:5      | Mangled by Pikel

Skill      XL: |  1  2  3  4  5  6  7  8 |
---------------+-------------------------+-----
Axes           | 4 5 7 8 9 11 12 | 12.6
Fighting       | |  3.6
Armour         | |  2.4
Dodging        | |  2.1

Action                   |  1- 3 |  4- 6 |  7- 9 || total
-------------------------+-------+-------+-------++-------
Melee: Hand axe          |    70 |       |       ||    70
       Headbutt          |    10 |    14 |    26 ||    50
       War axe           |    26 |   171 |   154 ||   351
 Fire: Shortbow          |       |       |     2 ||     2
Invok: Berserk           |       |     1 |     1 ||     2
  Use: Potion            |     1 |     3 |     5 ||     9
       Scroll            |       |       |     7 ||     7
  Eat: Chunk             |     1 |     9 |     6 ||    16
Armor: Animal skin       |    22 |     2 |       ||    24
       Ring mail         |       |    36 |    21 ||    57
       Chain mail        |       |       |    48 ||    48
Dodge: Dodged            |    69 |    98 |    68 ||   235
